kba, lawful male human Samurai --------------- ---------- |............`| |.........#########################` #..).........<.| |........| ------------ #|.............| |.........#####|..........| #-----|--------- -------.-- #...........| # # # #|...........# # # # |..........|# # # # #...........|# ------- ############%## # # ###------------####-.....| -----% ### # ################ # |....<| |...|# # ## #### ##|......###### ##-%..|############## ------|---### ------- # ----- # |...|# ---.---|-- |........|# ###|..>-### |....# |........| |.......%|# #....| ----- |.d......| |.........# |`..| |........| |........| ----- |........| |........| |........| ---------- ---------- kba the Ninja Experience level: 6 Strength: 18 Dexterity: 15 Constitution: 18 Intelligence: 9 Wisdom: 10 Charisma: 7 Health: 0(61) Energy: 23(23) Def: 0 Gold: 365 Moves: 5619 Dungeon seed: pHzp-OtD5lSJ-LtU Game ID: kba_1441142008 Your Inventory: Coins $ - 365 gold pieces Weapons c - a +0 yumi d - 8 cursed +0 ya l - a +0 naginata (alternate weapon; not wielded) t - 6 cursed +0 shuriken (in quiver) Armor n - an uncursed +0 orcish helm Scrolls M - an uncursed scroll of remove curse Spellbooks m - an uncursed spellbook of light Potions P - a cursed potion of blindness Rings y - a cursed -1 ring of increase damage Wands u - a wand of make invisible (0:0) B - a cursed wand of secret door detection (0:6) D - a wand of make invisible (0:7) I - a wand of lightning (0:4) Tools j - an uncursed tooled horn q - an uncursed oil lamp (0:1158) Gems z - a cursed worthless piece of blue glass Spells and supernatural/magical abilities: Name Level Category Fail Memory l - light 1 divination 64% 90% W - pray for help -- divine ? -- Your skills at the end: Fighting Skills martial arts [Basic] Weapon Skills short sword [Basic] long sword [Basic] bow [Basic] Spellcasting Skills Final Attributes: You were piously aligned. You were invisible. You could teleport. You were a werejackal. You were fast. You were very unlucky. Amaterasu Omikami was angry with you. You are dead. Vanquished creatures: 2 leprechauns a water nymph a pony 3 fog clouds 2 gnome lords a red naga hatchling a black naga hatchling a golden naga hatchling a gray ooze 2 elf zombies a giant ant a floating eye a kitten 2 homunculi a kobold shaman 2 rothes a rabid rat a monkey 4 orc zombies 4 dwarf zombies a wererat a werejackal an iguana 2 killer bees an acid blob 7 coyotes a gas spore 2 manes 2 hobgoblins 5 giant rats a cave spider 2 yellow molds 3 red molds 2 garter snakes 2 gnome zombies 3 geckos 31 jackals 2 kobolds 2 goblins 2 sewer rats 5 grid bugs a lichen 2 kobold zombies 4 newts 118 creatures vanquished. Voluntary challenges: You used a wielded weapon 68 times, starting on turn 895. You read items or engraved 20 times, starting on turn 3356. You never genocided any monsters. You never polymorphed an object. You changed form 9 times, starting on turn 3751. You used no wishes. You never split a pudding. You wrote Elbereth's name 6 times, starting on turn 4601. You violated your moral code, losing 54 points of alignment, starting on turn 3503. Dungeon overview: The Dungeons of Doom: levels 1 to 6 Level 1 some fountains a long staircase Level 2 (shop) a general store Level 3 a long staircase Level 4 Level 5 many fountains Level 6 <- You were here stairs to Sokoban Sokoban: levels 3 to 5 Level 3 Level 4 Level 5 stairs to The Dungeons of Doom History has recorded: On T:1 you entered the Dungeons of Doom to retrieve the Amulet of Yendor! On T:239 you reached level 2 of The Dungeons of Doom. On T:452 you reached level 3 of The Dungeons of Doom. On T:700 you reached level 4 of The Dungeons of Doom. On T:939 you reached level 5 of The Dungeons of Doom. On T:1025 you advanced to experience level 2. On T:1276 you advanced to experience level 3. On T:1484 you reached level 6 of The Dungeons of Doom. On T:1866 you reached level 4 of Sokoban. On T:1922 you advanced to experience level 4. On T:2308 you reached level 3 of Sokoban. On T:3009 you advanced to experience level 5. On T:3118 you reached level 2 of Sokoban. On T:4086 you advanced to experience level 6. Score breakdown: Gold: 365 ( 8720 points) Experience: 6 levels (12456 points) Exploration: 6 levels ( 12.50%) ( 9784 points) Discoveries: 6 items ( 2.44%) ( 4685 points) Valuables value: (no points given unless you survive) Artifact value: 0 ( 0 points) Variety of kills: 44 monsters ( 11.55%) (10194 points) Turncount: 5619 turns (-1527 points) Survival: died (score multiplied by 80%) Total score: 35449 Latest messages: B - a tin wand. Your twisted ring turns to dust and vanishes! The bolt of lightning hits you! You hear the howling of the CwnAnnwn... You drop a jeweled wand. You drop a wand of lightning. Your movements are now unencumbered. j - a horn. q - a lamp. You rebalance your load. Movement is difficult. You drop a horn. You drop a lamp. Hachi bites! You die... Final status: Sayonara kba the Samurai, killed by a dog called "Hachi"... You died in The Dungeons of Doom on dungeon level 6 with 35449 points, and 365 pieces of gold, after 5619 moves. You were level 6 with a maximum of 61 hit points when you died.